[Event "Titled Tuesday Blitz July 26 Early 2022"]
[White "Garrido, Denis"]
[Black "Shohat, Yotam"]
[WhiteFideId "601217"]
[BlackFideId "2813955"]
[WhiteElo "2430"]
[BlackElo "2119"]
[Result "0-1"]
[Round "09"]
[TimeControl "180+1"]
[Date "2022.07.27"]
[WhiteClock "0:00:10"]
[BlackClock "0:00:16"]

1. e4 c5 2. Nf3 d6 3. Bb5+ Nd7 4. O-O a6 5. Bd3 Ngf6 6. Re1 e5 7. c3 Be7 8. Bc2 O-O 9. d4 b5 10. Nbd2 cxd4 11. cxd4 Bb7 12. Nf1 Qc7 13. Bd2 Rac8 14. Rc1 Rfe8 15. Ng3 Bf8 16. Bb3 Qb8 17. Rxc8 Rxc8 18. Ng5 d5 19. exd5 Bxd5 20. Bxd5 Nxd5 21. Qb3 Rc4 22. Qf3 N5f6 23. d5 h6 24. b3 Rf4 25. Bxf4 exf4 26. N3e4 hxg5 27. Nxg5 Qd6 28. Rd1 Qe5 29. Nh3 Bd6 30. Kf1 g5 31. g4 fxg3 32. hxg3 g4 0-1


[Site "https://www.chess.com"]

[Event "Titled Tuesday Blitz July 26 Early 2022"]
[White "Goltsev, Dmitry"]
[Black "Zhigalko, Sergei"]
[WhiteFideId "24176710"]
[BlackFideId "13502956"]
[WhiteElo "2258"]
[BlackElo "2662"]
[Result "0-1"]
[Round "09"]
[TimeControl "180+1"]
[Date "2022.07.26"]
[WhiteClock "0:00:15"]
[BlackClock "0:01:09"]

1. e4 c5 2. Nf3 Nc6 3. d4 cxd4 4. Nxd4 Nf6 5. Nc3 e5 6. Ndb5 d6 7. Nd5 Nxd5 8. exd5 Nb8 9. c4 Be7 10. Be3 O-O 11. Bd3 a6 12. Nc3 f5 13. O-O e4 14. Bc2 Nd7 15. f3 Ne5 16. fxe4 Nxc4 17. Bd4 Bf6 18. exf5 Nxb2 19. Qg4 Bd7 20. Ne2 Rc8 21. Bb3 Bb5 22. Rf2 Nd3 23. Rff1 Ne5 24. Qe4 Bxe2 25. Qxe2 Nf3+ 26. Qxf3 Bxd4+ 27. Kh1 Bxa1 28. Rxa1 Qg5 29. Rf1 Rxf5 30. Qe2 Rxf1+ 31. Qxf1 Rc1 32. Bd1 Qd2 0-1


[Site "https://www.chess.com"]

[Event "Titled Tuesday Blitz July 26 Early 2022"]
[White "Golubev, Mikhail"]
[Black "Jakubowska, Anna"]
[WhiteFideId "14100983"]
[BlackFideId "1121952"]
[WhiteElo "2374"]
[BlackElo "1878"]
[Result "1-0"]
[Round "09"]
[TimeControl "180+1"]
[Date "2022.07.27"]
[WhiteClock "0:00:03"]
[BlackClock "0:00:01"]

1. d4 d5 2. c4 c6 3. Nc3 Nf6 4. Nf3 e6 5. Bg5 Nbd7 6. e3 Be7 7. Bd3 O-O 8. O-O b6 9. Rc1 Bb7 10. Qc2 h6 11. Bh4 c5 12. Rfd1 Rc8 13. cxd5 exd5 14. dxc5 Rxc5 15. Nd4 Re8 16. Qe2 Bd6 17. Bb5 g5 18. Bg3 Bf8 19. Nf5 Ne5 20. Bxe8 Qxe8 21. Nd4 Ng6 22. h3 h5 23. Nf3 h4 24. Bh2 g4 25. hxg4 Nxg4 26. Rd4 f5 27. Rcd1 Bg7 28. Rxd5 Bxd5 29. Nxd5 Qe4 30. Nc3 Qe8 31. Nd4 Kh7 32. Qf3 Qf7 33. Qh3 a6 34. Nce2 b5 35. Nf4 Nxf4 36. Bxf4 Qh5 37. Nf3 Nh6 38. Qxh4 Qxh4 39. Nxh4 Rc2 40. Bxh6 Bxh6 41. Nxf5 Bf8 42. Rd7+ Kg6 43. Nh4+ Kh5 44. g3 Rxb2 45. a3 Bxa3 46. Rd5+ 1-0


[Site "https://www.chess.com"]

[Event "Titled Tuesday Blitz July 26 Early 2022"]
[White "Guimaraes, Wagner Peixoto"]
[Black "Kuchava, Ana"]
[WhiteFideId "2100940"]
[BlackFideId "13605348"]
[WhiteElo "2231"]
[BlackElo "1955"]
[Result "1-0"]
[Round "09"]
[TimeControl "180+1"]
[Date "2022.07.27"]
[WhiteClock "0:00:05"]
[BlackClock "0:00:02"]

1. e4 c5 2. Nf3 d6 3. d4 cxd4 4. Nxd4 Nf6 5. Nc3 Nc6 6. Bg5 e6 7. Qd2 Qb6 8. Nb3 Be7 9. O-O-O O-O 10. f3 Rd8 11. g4 a6 12. h4 Ne5 13. Qg2 Qc7 14. f4 Nexg4 15. Be2 Ne3 16. Qg3 Nxd1 17. Rxd1 Kh8 18. Bd3 e5 19. Bxf6 Bxf6 20. Nd5 Qc6 21. Nxf6 gxf6 22. Rg1 Bg4 23. Qxg4 Rg8 24. Qd1 Rxg1 25. Qxg1 Rg8 26. Qf2 Qd7 27. fxe5 fxe5 28. Qf6+ Rg7 29. Be2 Kg8 30. h5 Rg1+ 31. Kd2 Qh3 32. h6 Qd7 33. Bd3 Rg6 34. Qh4 Rg1 35. c3 Rg6 36. Nc1 f6 37. Bc4+ Kf8 38. Ne2 Qg4 39. Qxg4 Rxg4 40. Bd5 b6 41. Bb7 a5 42. b4 axb4 43. cxb4 Rh4 44. a4 Rxh6 45. a5 bxa5 46. bxa5 Rh1 47. a6 Ra1 48. Nc3 h5 49. Ke2 h4 50. Kf2 Ra3 51. Nd5 Ra2+ 52. Kg1 1-0


[Site "https://www.chess.com"]

[Event "Titled Tuesday Blitz July 26 Early 2022"]
[White "Hafiz, Arif Abdul"]
[Black "Vachylia, Andrii"]
[WhiteFideId "7104227"]
[BlackFideId "14137224"]
[WhiteElo "2198"]
[BlackElo "2318"]
[Result "1-0"]
[Round "09"]
[TimeControl "180+1"]
[Date "2022.07.26"]
[WhiteClock "0:02:16"]
[BlackClock "0:01:45"]

1. e4 c5 2. Nc3 d6 3. f4 Nc6 4. Nf3 g6 5. Bb5 Bg7 6. O-O e6 7. Bxc6+ bxc6 8. d3 Ne7 9. Qe1 O-O 10. Na4 Ba6 11. c4 Rb8 12. Rb1 Bd4+ 13. Kh1 Qd7 14. b3 f6 15. Bd2 e5 16. fxe5 fxe5 17. Bh6 Rfe8 18. Nxd4 cxd4 19. Rf6 Kh8 20. Qf2 Ng8 21. Rf7 Qxf7 22. Qxf7 Nxh6 23. Qf6+ Kg8 24. Qxd6 1-0


[Site "https://www.chess.com"]

[Event "Titled Tuesday Blitz July 26 Early 2022"]
[White "Hansen, Eric"]
[Black "Raja Harshit"]
[WhiteFideId "2606771"]
[BlackFideId "5089000"]
[WhiteElo "2568"]
[BlackElo "2338"]
[Result "1-0"]
[Round "09"]
[TimeControl "180+1"]
[Date "2022.07.26"]
[WhiteClock "0:01:39"]
[BlackClock "0:00:03"]

1. e4 c5 2. Nf3 d6 3. Bb5+ Nd7 4. c3 Nf6 5. Qe2 a6 6. Ba4 b5 7. Bc2 Bb7 8. O-O e6 9. d4 Be7 10. Re1 Rc8 11. Bd3 O-O 12. Nbd2 Qc7 13. Nf1 Rfe8 14. Ng3 Nf8 15. Bd2 Ng6 16. a4 c4 17. Bc2 Bc6 18. h4 Qb7 19. axb5 axb5 20. h5 Nf8 21. h6 g6 22. Bg5 b4 23. cxb4 Qxb4 24. Ra7 N8d7 25. d5 exd5 26. Nd4 Qc5 27. Nxc6 Rxc6 28. exd5 Rc7 29. Be3 Rxa7 30. Bxc5 Nxc5 31. Qxc4 Ncd7 32. Ba4 Ne5 33. Rxe5 dxe5 34. Bxe8 Nxe8 35. Qc8 Kf8 36. Ne4 f5 37. Nc5 Ra1+ 38. Kh2 Kf7 39. Qe6+ 1-0


[Site "https://www.chess.com"]

[Event "Titled Tuesday Blitz July 26 Early 2022"]
[White "Hoffmann, Asa"]
[Black "Matveeva, Olga"]
[WhiteFideId "2001470"]
[BlackFideId "24107018"]
[WhiteElo "2117"]
[BlackElo "2052"]
[Result "0-1"]
[Round "09"]
[TimeControl "180+1"]
[Date "2022.07.27"]
[WhiteClock "0:00:01"]
[BlackClock "0:00:03"]

1. d4 e6 2. e4 Nf6 3. e5 Nd5 4. c4 Nb6 5. Nc3 d5 6. Be3 Nxc4 7. Bxc4 dxc4 8. Qa4+ Bd7 9. Qxc4 Bc6 10. f3 Be7 11. Nge2 O-O 12. O-O-O a6 13. d5 exd5 14. Nxd5 Bxd5 15. Rxd5 Qe8 16. Rhd1 Nc6 17. Qg4 Nb4 18. Rd7 Nxa2+ 19. Kb1 Nb4 20. Bh6 g6 21. e6 fxe6 22. Bxf8 Bxf8 23. Rxc7 Rc8 24. Rxc8 Qxc8 25. Rc1 Qd7 26. Qc4 Qd5 27. Nd4 b5 28. Qxd5 exd5 29. Rc8 Kf7 30. Nc6 Nd3 31. Rc7+ Kf6 32. Nd4 Bc5 33. Rc6+ Ke5 34. Nb3 Be3 35. Rxa6 Ne1 36. Ra8 Nxg2 37. Re8+ Kf4 38. Rb8 Kxf3 39. Rxb5 d4 40. Rd5 Ke4 41. Rd7 d3 42. Rxh7 d2 43. Rd7 Nf4 44. Kc2 Nd5 0-1


[Site "https://www.chess.com"]

[Event "Titled Tuesday Blitz July 26 Early 2022"]
[White "Horcajuelo Rocamora, Martin"]
[Black "Petrova, Irina"]
[WhiteFideId "24573027"]
[BlackFideId "14124122"]
[WhiteElo "1882"]
[BlackElo "2021"]
[Result "0-1"]
[Round "09"]
[TimeControl "180+1"]
[Date "2022.07.27"]
[WhiteClock "0:00:01"]
[BlackClock "0:00:07"]

1. e4 d6 2. d4 Nf6 3. Nc3 e5 4. Nf3 Nbd7 5. Bc4 Be7 6. O-O O-O 7. Re1 c6 8. a4 h6 9. Ba2 Re8 10. Nh4 Bf8 11. Nf5 exd4 12. Qxd4 d5 13. Bf4 Bc5 14. Qd3 Ne5 15. Bxe5 Rxe5 16. Qg3 Bxf5 17. Qxe5 Bxe4 18. Nxe4 Nxe4 19. Rxe4 dxe4 20. Qxc5 Qd2 21. Qf5 Qxc2 22. Bxf7+ Kh8 23. Qg6 Rd8 24. h4 Qxb2 25. Rf1 Qf6 26. Qxf6 gxf6 27. Rb1 b6 28. Rb4 f5 29. Bg6 Rd5 30. h5 Kg7 31. Kh1 Kf6 32. Kh2 b5 33. axb5 cxb5 34. Kg3 a5 35. Rb2 Kg5 36. Rc2 Rd3+ 37. Kh2 Rd5 38. Rc7 b4 39. Rg7 Kf6 40. Rf7+ Kg5 41. Rb7 Kf4 42. Bf7 Rc5 43. Be6 Kg5 44. Bf7 Kf6 45. Bg6 Kg5 46. Be8 Kf4 47. g3+ Kg5 48. Rb6 f4 49. Rg6+ Kf5 50. Bd7+ Ke5 51. Re6+ Kd4 52. Rxh6 fxg3+ 53. Kxg3 b3 54. Rd6+ Kc3 55. Rb6 Rxh5 56. Be6 a4 57. Kf4 Rh4+ 58. Ke3 b2 59. Ba2 a3 60. Rb3+ Kc2 61. Rxa3 Rh3+ 62. Kxe4 Rxa3 0-1


[Site "https://www.chess.com"]

[Event "Titled Tuesday Blitz July 26 Early 2022"]
[White "Howell, David W L"]
[Black "Wagner, Dennis"]
[WhiteFideId "410608"]
[BlackFideId "24650684"]
[WhiteElo "2559"]
[BlackElo "2355"]
[Result "1-0"]
[Round "09"]
[TimeControl "180+1"]
[Date "2022.07.26"]
[WhiteClock "0:00:10"]
[BlackClock "0:00:10"]

1. e4 e5 2. Nf3 Nc6 3. Bc4 Nf6 4. d3 Bc5 5. c3 d6 6. Bb3 a5 7. h3 O-O 8. Nbd2 Be6 9. Bc2 b5 10. Ng5 a4 11. Nxe6 fxe6 12. O-O Qe8 13. a3 Nh5 14. Nf3 Bb6 15. Kh2 Nf4 16. g3 Ng6 17. Kg2 h6 18. Qe2 Rf6 19. Nh2 Qd7 20. Ng4 Rf7 21. h4 Raf8 22. h5 Nge7 23. Bd2 d5 24. Rad1 Nc8 25. Bb1 Nd6 26. Ba2 Nc8 27. Be3 Kh8 28. exd5 exd5 29. Bxb6 Nxb6 30. Nxe5 Nxe5 31. Qxe5 Re7 32. Qd4 Re2 33. Qb4 Qf5 34. Qc5 Rxb2 35. Bb1 Qf3+ 36. Kg1 Qxh5 37. Qxf8+ Kh7 38. d4+ Rxb1 39. Rxb1 Nc4 40. Qf4 Nxa3 41. Rb2 c6 42. Re1 Nc4 43. Rbe2 a3 44. Re7 a2 45. Rxg7+ Kxg7 46. Re7+ Kg8 47. Qb8+ 1-0


[Site "https://www.chess.com"]

[Event "Titled Tuesday Blitz July 26 Early 2022"]
[White "Ismagilov, Damir"]
[Black "Manukyan, Sargis A."]
[WhiteFideId "34199982"]
[BlackFideId "13303970"]
[WhiteElo "2138"]
[BlackElo "2187"]
[Result "1-0"]
[Round "09"]
[TimeControl "180+1"]
[Date "2022.07.26"]
[WhiteClock "0:01:51"]
[BlackClock "0:00:53"]

1. d4 Nf6 2. c4 c5 3. d5 b5 4. cxb5 a6 5. bxa6 g6 6. Nc3 Bg7 7. e4 O-O 8. Be2 Qa5 9. Bd2 Bxa6 10. e5 Ne8 11. Nf3 Bxe2 12. Qxe2 d6 13. e6 Nc7 14. exf7+ Rxf7 15. O-O Qa6 16. Qe4 Nd7 17. Ng5 Nf6 18. Qe3 Ncxd5 19. Nxd5 Nxd5 20. Qe6 Qb7 21. Nxf7 Kf8 22. Ng5 1-0


[Site "https://www.chess.com"]

[Event "Titled Tuesday Blitz July 26 Early 2022"]
[White "Ismayil, Malak"]
[Black "McConnell, Griffin"]
[WhiteFideId "13412604"]
[BlackFideId "30942551"]
[WhiteElo "1879"]
[BlackElo "2293"]
[Result "1-0"]
[Round "09"]
[TimeControl "180+1"]
[Date "2022.07.27"]
[WhiteClock "0:00:02"]
[BlackClock "0:00:02"]

1. e4 c6 2. d4 d5 3. Nc3 dxe4 4. Nxe4 Bf5 5. Ng3 Bg6 6. Nf3 Nd7 7. h4 h6 8. h5 Bh7 9. Bd3 Bxd3 10. Qxd3 e6 11. Bd2 Ngf6 12. O-O-O Qc7 13. c4 O-O-O 14. Ne4 Nxe4 15. Qxe4 Nf6 16. Qe2 c5 17. Be3 Bd6 18. Kb1 Qc6 19. Qc2 b6 20. d5 exd5 21. cxd5 Qd7 22. Qc4 Qg4 23. Qa6+ Kb8 24. Rh4 Qf5+ 25. Ka1 Nxd5 26. Ra4 Rd7 27. Qb5 Rhd8 28. Bc1 Nb4 29. Ne1 Qxf2 30. a3 Nc2+ 31. Nxc2 Qxc2 32. Rf1 Qxg2 33. Be3 Qb7 34. Rg1 f6 35. Rc4 Be5 36. Qb3 Qd5 37. Bxc5 Ka8 38. Be3 b5 39. Rb4 Qxb3 40. Rxb3 a6 41. Ka2 Kb7 42. Bc5 Rc7 43. Bb4 Bd6 44. Rd3 Rcd7 45. Rgd1 Kc7 46. Ba5+ Kc6 47. Bxd8 Rxd8 48. Kb3 Rd7 49. Rc3+ Kb7 50. Rcd3 Kc7 51. Rd5 Rd8 52. Kc2 Be7 53. Rxd8 Bxd8 54. Rg1 f5 55. Rxg7+ Kc8 56. Rf7 Bg5 57. Rxf5 Kb7 58. Kd3 Kb6 59. b4 Bc1 60. Kc2 Be3 61. Rf6+ Kb7 62. Kd3 Bc1 63. Ke4 Bxa3 64. Rxh6 Bxb4 65. Kd5 Bc3 66. Rh7+ Kb6 67. h6 a5 68. Rd7 a4 69. Ke4 a3 70. Rd6+ Kc5 71. Ra6 Kb4 72. Kd3 Be5 73. h7 Bb2 74. Kc2 Be5 75. Ra8 1-0


[Site "https://www.chess.com"]

[Event "Titled Tuesday Blitz July 26 Early 2022"]
[White "Janaszak, Dawid"]
[Black "Rohith Krishna S"]
[WhiteFideId "1119206"]
[BlackFideId "46617051"]
[WhiteElo "2199"]
[BlackElo "2117"]
[Result "0-1"]
[Round "09"]
[TimeControl "180+1"]
[Date "2022.07.26"]
[WhiteClock "0:00:19"]
[BlackClock "0:01:13"]

1. d4 c5 2. dxc5 e6 3. Nc3 Bxc5 4. Ne4 d5 5. Nxc5 Qa5+ 6. c3 Qxc5 7. e4 dxe4 8. Qg4 Qe5 9. Bf4 Qf6 10. Bxb8 Rxb8 11. Bb5+ Bd7 12. Bxd7+ Kxd7 13. O-O-O+ Kc7 14. Qxe4 Ne7 15. Nf3 Nc6 16. Nd4 Nxd4 17. Rxd4 Rbd8 18. Rhd1 Rxd4 19. Qxd4 Qxd4 20. Rxd4 e5 21. Rd5 f6 22. Kc2 h5 23. h4 Rh6 24. g3 Rg6 25. Rc5+ Kd7 26. Kd3 a6 27. a4 Rg4 28. Rc4 Rg6 29. a5 f5 30. b4 Rd6+ 31. Ke3 g6 32. Rc5 e4 33. c4 Rd3+ 34. Ke2 Rf3 35. Rd5+ Kc7 36. Re5 Rb3 37. b5 axb5 38. c5 Ra3 39. Re6 b4 40. Kd2 Rxa5 41. Rxg6 Rxc5 42. Rg7+ Kb6 43. Rg6+ Kb5 44. Rg7 b6 0-1


[Site "https://www.chess.com"]

[Event "Titled Tuesday Blitz July 26 Early 2022"]
[White "Jaskolka, Tomasz"]
[Black "Gundam, Rohit"]
[WhiteFideId "1170791"]
[BlackFideId "75002809"]
[WhiteElo "2073"]
[BlackElo "2436"]
[Result "1-0"]
[Round "09"]
[TimeControl "180+1"]
[Date "2022.07.27"]
[WhiteClock "0:01:08"]
[BlackClock "0:00:01"]

1. d4 Nf6 2. c4 e6 3. g3 Bb4+ 4. Bd2 Qe7 5. Nc3 O-O 6. Bg2 d6 7. e3 Nbd7 8. Nge2 e5 9. O-O c6 10. a3 Ba5 11. b4 Bc7 12. Qb3 Bb8 13. d5 c5 14. b5 b6 15. a4 a5 16. bxa6 Bxa6 17. Nb5 Bxb5 18. axb5 Bc7 19. Qb2 Rfb8 20. Rxa8 Rxa8 21. Ra1 Qd8 22. Ra3 Rxa3 23. Qxa3 g6 24. f4 Nf8 25. Nc3 N6d7 26. Ne4 f5 27. Ng5 e4 28. Bc3 h6 29. Ne6 Nxe6 30. dxe6 Nf8 31. Bb2 Nxe6 32. Qc3 Kf7 33. g4 Qg8 34. Bh3 Qg7 35. Qc2 Qg8 36. Kf1 Ng7 37. Qc3 Ne6 38. Qf6+ Ke8 39. gxf5 gxf5 40. Bxf5 Nf8 41. Bxe4 Bd8 42. Bc6+ Nd7 43. Qc3 1-0


[Site "https://www.chess.com"]

[Event "Titled Tuesday Blitz July 26 Early 2022"]
[White "Kamsky, Gata"]
[Black "Bortnyk, Olexandr"]
[WhiteFideId "2000024"]
[BlackFideId "14120828"]
[WhiteElo "2645"]
[BlackElo "2723"]
[Result "0-1"]
[Round "09"]
[TimeControl "180+1"]
[Date "2022.07.26"]
[WhiteClock "0:00:10"]
[BlackClock "0:00:21"]

1. e4 d6 2. d4 Nf6 3. Bd3 e5 4. c3 Be7 5. Nf3 Nbd7 6. O-O b6 7. Re1 Bb7 8. a4 a5 9. Nbd2 O-O 10. Bb5 c6 11. Bf1 Qc7 12. Nc4 Rfe8 13. Bg5 exd4 14. cxd4 d5 15. exd5 cxd5 16. Nce5 Nxe5 17. Nxe5 Ne4 18. Rc1 Qd6 19. Bxe7 Rxe7 20. f3 Nf6 21. Qb3 g6 22. Bb5 Nh5 23. g3 Ng7 24. Ng4 Nf5 25. Qc3 Rc8 26. Qd2 Rxc1 27. Rxc1 h5 28. Nf2 Qf6 29. Qf4 Qxd4 30. Qxd4 Nxd4 31. f4 Nxb5 32. axb5 d4 33. Kf1 Bf3 34. Rc2 Re3 35. Rd2 Rb3 36. Rxd4 Rxb2 37. Nd3 Be2+ 38. Ke1 Bxd3 39. Rxd3 Rxb5 0-1


[Site "https://www.chess.com"]

[Event "Titled Tuesday Blitz July 26 Early 2022"]
[White "Kovacevic, Radmila"]
[Black "Bintang, Rasyid A. Hidayat"]
[WhiteFideId "933171"]
[BlackFideId "7105355"]
[WhiteElo "2157"]
[BlackElo "2378"]
[Result "0-1"]
[Round "09"]
[TimeControl "180+1"]
[Date "2022.07.27"]
[WhiteClock "0:00:28"]
[BlackClock "0:00:16"]

1. e4 d5 2. exd5 Nf6 3. Nf3 Nxd5 4. d4 Bg4 5. h3 Bxf3 6. Qxf3 Nc6 7. c3 e6 8. Bd3 Be7 9. O-O O-O 10. Re1 Bf6 11. Qe4 g6 12. Bh6 Bg7 13. Bxg7 Kxg7 14. Nd2 Nf6 15. Qe3 Nd5 16. Qf3 Qf6 17. Be4 Qxf3 18. Nxf3 Rfd8 19. g3 Nce7 20. Rac1 c6 21. Ne5 Nf6 22. Bg2 Nd7 23. Nc4 Nb6 24. Nxb6 axb6 25. a3 Rd7 26. Re2 Ra5 27. Rce1 Nc8 28. Re5 Rxe5 29. Rxe5 Nd6 30. Bf1 Kf8 31. Kg2 Ke7 32. f4 f6 33. Re1 b5 34. Kf3 Nc8 35. g4 Nb6 36. f5 gxf5 37. gxf5 Rd6 38. Bd3 e5 39. Bf1 Rd5 40. dxe5 Rxe5 41. Rxe5+ fxe5 42. Ke4 Kf6 43. Bd3 Na4 44. c4 bxc4 45. Bxc4 Nxb2 46. Bb3 b5 47. Bg8 h6 48. Be6 Na4 49. Bc8 Nc5+ 50. Ke3 Na4 51. Kd3 Nc5+ 52. Ke3 Ke7 53. Kf3 Kd8 54. Be6 Nxe6 55. fxe6 Ke7 56. Kg4 Kxe6 57. Kh5 e4 58. Kg4 Ke5 59. h4 e3 60. Kf3 Kd4 61. Ke2 Ke4 62. h5 c5 63. Kf1 Kd3 64. Ke1 e2 65. a4 bxa4 66. Kf2 Kd2 67. Kg3 e1=Q+ 68. Kf4 Qe6 69. Kg3 Ke3 70. Kh4 Qe4+ 71. Kh3 Qf5+ 72. Kh4 Qg5+ 73. Kh3 Kf3 74. Kh2 Qg2# 0-1


[Site "https://www.chess.com"]

[Event "Titled Tuesday Blitz July 26 Early 2022"]
[White "Kravtsiv, Martyn"]
[Black "Harshavardhan G B"]
[WhiteFideId "14113147"]
[BlackFideId "25059009"]
[WhiteElo "2694"]
[BlackElo "1831"]
[Result "1-0"]
[Round "09"]
[TimeControl "180+1"]
[Date "2022.07.26"]
[WhiteClock "0:00:39"]
[BlackClock "0:00:03"]

1. e4 e5 2. Nf3 Nc6 3. Nc3 Nf6 4. a4 g6 5. Bc4 Bg7 6. d3 h6 7. O-O d6 8. Be3 O-O 9. h3 Kh8 10. a5 a6 11. d4 exd4 12. Nxd4 Ne5 13. Bb3 c5 14. Nf3 Nc6 15. e5 Ne8 16. exd6 Nxa5 17. d7 Bxd7 18. Rxa5 Qxa5 19. Qxd7 b6 20. Bxf7 Qb4 21. Bxg6 Nf6 22. Qe7 Qxb2 23. Ne4 Rae8 24. Bxe8 Rxe8 25. Qf7 Rxe4 26. Rd1 Qxc2 27. Rd6 Qb2 28. Bxh6 Bxh6 29. Rxf6 Bg7 30. Rf5 1-0


[Site "https://www.chess.com"]

[Event "Titled Tuesday Blitz July 26 Early 2022"]
[White "Kubicka, Anna"]
[Black "Molina, Roberto Junio Brito"]
[WhiteFideId "1152254"]
[BlackFideId "2109450"]
[WhiteElo "2025"]
[BlackElo "2432"]
[Result "0-1"]
[Round "09"]
[TimeControl "180+1"]
[Date "2022.07.26"]
[WhiteClock "0:00:02"]
[BlackClock "0:00:46"]

1. e4 c6 2. d4 d5 3. e5 Bf5 4. h4 Qb6 5. g4 Bd7 6. Nc3 h5 7. g5 Bf5 8. Nge2 e6 9. Ng3 g6 10. Nxf5 exf5 11. a3 Na6 12. Be2 Nc7 13. O-O Ne6 14. Be3 f4 15. Bc1 Qxd4 16. Qxd4 Nxd4 17. Bd3 Ne6 18. f3 Bc5+ 19. Kg2 Be3 20. Bxe3 fxe3 21. f4 Ne7 22. Rae1 Nc5 23. Be2 d4 24. b4 dxc3 25. bxc5 O-O-O 26. Bd3 Rd5 27. Rxe3 Rxc5 28. e6 Rf8 29. Rfe1 f6 30. Kg3 fxg5 31. fxg5 Kc7 32. Re5 Rxe5 33. Rxe5 Kd6 34. Re3 a5 35. Be4 Rf1 36. Rxc3 Kxe6 37. Bg2 Re1 38. Bh3+ Kd6 39. Rd3+ Kc5 40. Rd7 b5 41. Kf2 Re5 42. Ra7 a4 43. Kf3 Nd5 44. Kf2 Re4 45. Bg2 Rxh4 46. Rg7 Rg4 0-1


[Site "https://www.chess.com"]

[Event "Titled Tuesday Blitz July 26 Early 2022"]
[White "Kucuksari, Kaan"]
[Black "Madaminov, Mukhiddin"]
[WhiteFideId "6380166"]
[BlackFideId "14210703"]
[WhiteElo "2305"]
[BlackElo "2011"]
[Result "1/2-1/2"]
[Round "09"]
[TimeControl "180+1"]
[Date "2022.07.26"]
[WhiteClock "0:00:05"]
[BlackClock "0:00:09"]

1. d4 Nf6 2. c4 g6 3. g3 Bg7 4. Bg2 d5 5. cxd5 Nxd5 6. Nf3 O-O 7. O-O Nb6 8. Nc3 Nc6 9. e3 e5 10. d5 Na5 11. e4 c6 12. Bg5 f6 13. Be3 cxd5 14. Bxb6 Qxb6 15. Nxd5 Qd8 16. b4 Nc6 17. Qb3 Rf7 18. Rfd1 Be6 19. Bf1 f5 20. b5 fxe4 21. bxc6 bxc6 22. Nd2 cxd5 23. Nxe4 Rb8 24. Qa3 Qb6 25. Rab1 Qxb1 26. Rxb1 Rxb1 27. Ng5 Bf5 28. g4 Bf8 29. Qe3 d4 30. Qxe5 Bd3 31. Nxf7 Bxf1 32. Nh6+ Bxh6 33. Qd5+ Kf8 34. Qd8+ Kf7 35. Qd5+ Kf8 36. Qd8+ Kf7 37. Qd5+ Kf6 38. Qxd4+ Kg5 39. Qe5+ Kh4 40. Qg3+ Kg5 41. Qe5+ Kh4 42. Qg3+ Kg5 43. h4+ Kf6 44. Qd6+ Kf7 45. Qd5+ Kf8 46. Qd8+ Kf7 47. Qd7+ Kg8 48. Qe8+ Bf8 49. Qe6+ Kg7 50. Qe5+ Kf7 51. Qd5+ Kf6 52. Kh2 Be2 53. Qd4+ Kf7 54. Qd7+ Kg8 55. Qe6+ Kg7 56. Qxe2 Rb6 57. Kg2 Bd6 58. Qe6 Bf8 59. Qd7+ Kg8 60. Qd5+ Kg7 61. Qe4 Rf6 62. a4 Rf7 63. f3 Kg8 64. Qd5 Bg7 65. Qd8+ Bf8 66. Qd5 Bg7 67. a5 Bf8 68. a6 Bg7 69. Kf2 Bf6 70. Ke2 Bxh4 71. g5 Bg3 72. Qe6 Bf4 73. Qd5 Kg7 74. Qd4+ Kf8 75. Qh8+ Ke7 76. Qa8 Kd6 77. Qd8+ Ke6 78. Qa8 Re7 79. Qc6+ Kf7+ 80. Kd3 Bxg5 81. Qd5+ Kf6 82. Qd4+ Kf5 83. Qg4+ Kf6 84. Qd4+ Ke6 85. Qe4+ Kf7 86. Qd5+ Kf6 87. Qd6+ Re6 88. Qd8+ Kf5 89. Qd5+ Re5 90. Qf7+ Bf6 91. Qxa7 Re6 92. Qb7 Rd6+ 93. Ke2 Bd4 94. Qe4+ Kf6 95. Qf4+ Ke6 96. Qe4+ Kf6 97. Qb7 Re6+ 98. Kd3 Bf2 99. a7 Bxa7 100. Qxa7 h5 101. Qd4+ Kf5 102. Qd5+ Kf6 103. Qd8+ Re7 104. Qh8+ Kf5 105. Qf8+ Ke6 106. Kd4 Rf7 107. Qg8 Kf6 108. Ke4 Rd7 109. Kf4 Rd4+ 110. Kg3 h4+ 111. Kh3 Rf4 112. Qf8+ Kg5 113. Qe7+ Kh5 114. Qe5+ g5 115. Qe8+ Kh6 116. Qh8+ Kg6 117. Qg8+ Kh6 118. Qd5 Kg6 119. Qe6+ Rf6 120. Qe4+ Kh5 121. Qh7+ Rh6 122. Qf7+ Rg6 123. Qh7+ Rh6 124. Qg7 Rg6 125. Qh8+ Rh6 126. Qe8+ Rg6 127. Qh8+ Rh6 128. Qg8 Rf6 129. Qg7 Rxf3+ 130. Kg2 g4 131. Qh7+ Kg5 132. Qg7+ Kh5 133. Qh7+ Kg5 134. Qg7+ Kh5 1/2-1/2


[Site "https://www.chess.com"]

[Event "Titled Tuesday Blitz July 26 Early 2022"]
[White "Kuderinov, Kirill"]
[Black "Gheorghiu, Calin"]
[WhiteFideId "13701568"]
[BlackFideId "1200305"]
[WhiteElo "2465"]
[BlackElo "2168"]
[Result "1-0"]
[Round "09"]
[TimeControl "180+1"]
[Date "2022.07.26"]
[WhiteClock "0:00:56"]
[BlackClock "0:00:02"]

1. e4 g6 2. d4 c6 3. Nc3 Bg7 4. Nf3 d6 5. Bd3 Nf6 6. O-O O-O 7. Bg5 h6 8. Bh4 b5 9. a3 Qc7 10. e5 Nh5 11. Re1 d5 12. Bg3 Nxg3 13. hxg3 Bg4 14. Nb1 e6 15. Nbd2 Nd7 16. c3 a6 17. Qc2 c5 18. Nh2 Bf5 19. Bxf5 exf5 20. Qd3 Rfe8 21. Qf3 Qc6 22. Ndf1 a5 23. g4 fxg4 24. Nxg4 b4 25. axb4 axb4 26. Rxa8 Qxa8 27. Nfe3 cxd4 28. cxd4 Nb6 29. Rc1 Qa2 30. Rc7 Rf8 31. Nf6+ Kh8 32. Nexd5 Nxd5 33. Nxd5 Qxb2 34. Qe4 Qd2 35. g3 b3 36. Kg2 b2 37. Rb7 Rd8 38. Rxf7 Rxd5 39. Qxd5 b1=Q 40. Qd8+ Kh7 41. Qf6 Qe4+ 42. Kh2 Qxf2+ 43. Qxf2 h5 44. Rf4 Qd5 45. Qf3 Qa2+ 46. Kh3 Qe6+ 47. Kg2 Qa2+ 48. Qf2 Qd5+ 49. Kh2 Qe6 50. Re4 Qd5 51. Qe2 Bf8 52. e6 Be7 53. Qf3 Qa2+ 54. Kh3 Kh6 55. Qf4+ 1-0


[Site "https://www.chess.com"]

[Event "Titled Tuesday Blitz July 26 Early 2022"]
[White "Kupervaser, Erez"]
[Black "Yeremyan, Alen"]
[WhiteFideId "2814587"]
[BlackFideId "13308998"]
[WhiteElo "1832"]
[BlackElo "2158"]
[Result "1-0"]
[Round "09"]
[TimeControl "180+1"]
[Date "2022.07.26"]
[WhiteClock "0:00:53"]
[BlackClock "0:01:29"]

1. e4 c5 2. Nf3 Nc6 3. Bc4 e6 4. O-O d6 5. Re1 g6 6. c3 Bg7 7. Bf1 Nge7 8. d4 O-O 9. a4 b6 10. Na3 Bb7 11. Nc4 cxd4 12. cxd4 d5 13. exd5 Nxd5 14. Nce5 Nxe5 15. dxe5 Rc8 16. Bg5 Qc7 17. Rc1 Qb8 18. Qd4 Rxc1 19. Rxc1 Rc8 20. Rxc8+ Qxc8 21. a5 Bf8 22. axb6 axb6 23. Qh4 Qc2 24. Bh6 Be7 25. Qd4 Bc5 26. Qh4 Ne7 27. b4 Bxf3 28. bxc5 Nc6 29. Qf6 1-0


[Site "https://www.chess.com"]

[Event "Titled Tuesday Blitz July 26 Early 2022"]
[White "Lazavik, Denis"]
[Black "Harsh Suresh"]
[WhiteFideId "13515110"]
[BlackFideId "45018464"]
[WhiteElo "2437"]
[BlackElo "2059"]
[Result "1-0"]
[Round "09"]
[TimeControl "180+1"]
[Date "2022.07.26"]
[WhiteClock "0:00:02"]
[BlackClock "0:00:05"]

1. d4 Nf6 2. c4 e6 3. Nc3 Bb4 4. e3 O-O 5. Bd3 d5 6. cxd5 exd5 7. a3 Bxc3+ 8. bxc3 c5 9. Ne2 Nc6 10. O-O c4 11. Bc2 b5 12. f3 Re8 13. Ng3 a5 14. e4 dxe4 15. fxe4 Bg4 16. Qd2 Nh5 17. Qf2 Qd7 18. Nh1 Nf6 19. e5 Nd5 20. Qh4 g6 21. Nf2 Be2 22. Re1 Nxc3 23. Bb2 Qxd4 24. Qg3 Bd3 25. Bxd3 cxd3 26. Qxd3 Qxd3 27. Nxd3 Nd5 28. Rac1 Rac8 29. Rc5 Nde7 30. Rxb5 Rb8 31. a4 Rxb5 32. axb5 Na7 33. b6 Nac6 34. Ba3 Rb8 35. Bc5 Nd5 36. Rb1 Ncb4 37. Nxb4 axb4 38. Kf2 Nxb6 39. Rxb4 Nd7 40. Rxb8+ Nxb8 41. Ke3 Nd7 42. Bd6 Nf8 43. Ke4 Ne6 44. Bb4 Kg7 45. Bd2 g5 46. Kf5 h6 47. h3 Nd4+ 48. Ke4 Ne6 49. Kf5 Nd4+ 50. Ke4 Ne6 51. Be3 Kg6 52. g4 f6 53. Kd5 Nf4+ 54. Bxf4 gxf4 55. e6 f3 56. Kd6 f2 57. e7 f1=Q 58. e8=Q+ Kg7 59. Qe7+ Kg6 60. Qe8+ Kg7 61. Qe7+ Kg6 62. Qe4+ Kg7 63. Qb7+ Kg6 64. Ke7 Qe2+ 65. Kf8 Qc4 66. Qg7# 1-0


[Site "https://www.chess.com"]